 Dungeon Sprint DCSS version 0.17-a0-1324-ga541562 (webtiles) character file.

2400 Kidiri the Covert (level 9, -6/39 HPs)
             Began as a Spriggan Enchanter on June 10, 2015.
             Was an Initiate of Dithmenos.
             Killed from afar by a crystal guardian (24 damage)
             ... with a crystal bolt
             ... in the Dungeon (Sprint II: "The Violet Keep of Menkaure").
             The game lasted 00:10:47 (1006 turns).

Kidiri the Covert (Spriggan Enchanter)              Turns: 1006, Time: 00:10:47

Health: -6/39      AC:  4    Str:  4    XL:     9   Next: 23%
Magic:  19/24      EV: 31    Int: 18    God:    Dithmenos [......]
Gold:   367        SH:  0    Dex: 20    Spells: 9 memorised, 2 levels left

rFire  . . .     SeeInvis +     a - +4 dagger (venom)
rCold  . . .     Clarity  .     b - +1 robe
rNeg   . . .     SustAt   .     (shield restricted)
rPois  .         Gourm    .     (helmet restricted)
rElec  .         Spirit   .     m - +0 cloak (curse)
rCorr  .         Warding  .     (gloves unavailable)
rMut   .         NoTele   +     (boots unavailable)
MR     +....                    (no amulet)
Stlth  +++++++...               (no ring)
                                (no ring)

@: lethally poisoned (-6 -> -16), very quick, somewhat resistant to hostile
enchantments, extremely stealthy
A: unfitting armour, horns 1, thin skeletal structure 1, see invisible,
deterioration 1, herbivore 3, speed 3, slow metabolism 2
a: Renounce Religion


You were in the Dungeon.
You worshipped Dithmenos.
Dithmenos was noncommittal.
You were not hungry.

You visited 1 branch You collected 1240 gold pieces.
You spent 873 gold pieces at shops.

Inventory:

Hand weapons
 a - a +4 dagger of venom (weapon)
Armour
 b - a +1 robe (worn)
 m - a cursed +0 cloak (worn)
Scrolls
 j - a scroll of blinking
 o - a scroll of immolation {unknown}
 p - a scroll of remove curse {unknown}
Potions
 e - a potion of curing
 g - 2 potions of haste
 h - 5 potions of magic
 i - a potion of berserk rage
 l - 2 potions of invisibility
 q - 5 potions of flight
 t - 2 potions of might
 u - 3 potions of resistance
 v - a potion of lignification
Books
 c - a book of Maledictions

   Spells                             Type                      Level
   a - Corona                         Hexes                        1
   b - Ensorcelled Hibernation        Hexes/Ice                    2
   c - Confuse                        Hexes                        3
   d - Tukima's Dance                 Hexes                        3
   e - Dazzling Spray                 Conjuration/Hexes            3
 k - a book of Geomancy

   Spells                             Type                      Level
   a - Sandblast                      Earth                        1
   b - Stoneskin                      Transmutation/Earth          2
   c - Passwall                       Transmutation/Earth          3
   d - Stone Arrow                    Conjuration/Earth            3
   e - Petrify                        Transmutation/Earth          4
   f - Lee's Rapid Deconstruction     Earth                        5
Comestibles
 d - 4 bread rations


   Skills:
 * Level 9.8 Short Blades
 * Level 12.5 Dodging
 * Level 14.0 Stealth
 * Level 10.9 Spellcasting
 + Level 4.2 Conjurations
 + Level 8.4 Hexes
 + Level 4.5 Transmutations
 + Level 4.6 Ice Magic
 + Level 3.1 Earth Magic
 + Level 1.7 Invocations


You had 2 spell levels left.
You knew the following spells:

 Your Spells              Type           Power        Failure   Level  Hunger
a - Corona                Hex            #####..      1%          1    None
b - Ensorcelled Hibernat  Hex/Ice        ####..       1%          2    None
c - Confuse               Hex            #####...     1%          3    None
d - Tukima's Dance        Hex            #####...     1%          3    None
e - Dazzling Spray        Conj/Hex       ####....     1%          3    None
f - Passwall              Trmt/Erth      ###.......   4%          3    None
g - Petrify               Trmt/Erth      ###.....     17%         4    ##.....
h - Lee's Rapid Deconstr  Erth           ###.......   67%         5    #####..
i - Stone Arrow           Conj/Erth      ###...       6%          3    None


Dungeon Overview and Level Annotations

Branches:
Dungeon (1/1)

Altars:
Cheibriados
Dithmenos
Elyvilon
Fedhas
Gozag
Kikubaaqudgha
Makhleb
Nemelex Xobeh
Okawaru
Qazlal
Ru
Sif Muna
Trog
Vehumet
Xom
Yredelemnul
Zin
The Shining One
Beogh
Jiyva
Lugonu

Shops:
D :%%:}![=}?([=!((

Annotations:
D exclusion: oklob plant


Innate Abilities, Weirdness & Mutations

You are tiny and cannot use many weapons and most armour.
You have supernaturally acute eyesight.
You are a herbivore.
You cover ground extremely quickly.
You need consume almost no food.
You have a pair of small horns on your head.
You have a somewhat thin skeletal structure (Dex +2, Stealth).
Your body sometimes deteriorates upon taking damage.


Message History

The death drake looks drowsy...
You feel sick.
The helpless death drake fails to defend itself.
You skewer the death drake like a kebab!!!!
You kill the death drake!
Dithmenos accepts your kill.
Your Stealth skill increases to level 14!
Your Conjurations skill increases to level 4!
Your Transmutations skill increases to level 4!
Your Earth Magic skill increases to level 3!
Your Invocations skill increases to level 1!
You have reached level 9!
Your experience leads to an increase in your attributes!
Your base attributes are Str 4, Int 17, Dex 18.
Increase (S)trength, (I)ntelligence, or (D)exterity?
You feel clever.
You feel your intelligence returning.
You feel your dexterity returning.
The crystal guardian fires a crystalline bolt at you.
The crystal bolt burns you!
Ouch! That really hurt!
You die...

.# ...# #...####▓...)...(▓▓
####..## ##^.##)#▓((....[)▓▓
##.##..# +..#%.#▓).[...%)▓▓
#.%##..# #..#%.#▓...)).))▓▓
'##.+..####..##.#▓()..)...▓▓
#..##....###.k.##▓▓▓▓▓▓▓+▓▓▓▓+▓
##.##......≈≈≈≈≈≈≈≈≈≈≈≈≈...X≈≈▓
####≈≈.....≈#k########+###.≈≈≈▓
.#≈≈≈≈§≈≈..≈#.8.@....#§§§##≈X≈▓
##≈≈§≈≈≈≈≈.≈#._.⌠....#§§§≈####▓
#≈≈≈≈§≈≈§§≈≈#_._._...#t§§§≈
≈≈≈§≈§≈§≈§≈≈#._._._..#§§§≈≈
++#≈≈§≈≈≈≈≈≈#_._._._.#§§§≈≈ ≈
##≈≈≈###≈≈#._._._._#§§≈≈
§;≈##§≈# #≈§#.._._._.#§§
;§≈≈+≈§# #§≈#..._._._#§≈
;≈≈##§≈≈≈≈≈§##########


You could see a death drake, a crystal guardian, a swamp drake and a crocodile.

Vanquished Creatures
  A death drake (D)
  A siren (D)
  A yaktaur (D)
  3 polar bears (D)
  A wasp (D)
  A swamp drake (D)
  A crocodile (D)
  4 brain worms (D)
  A scorpion (D)
  4 worker ants (D)
  3 worms (D)
21 creatures vanquished.

Vanquished Creatures (others)
  Menkaure (D)
  4 tentacles (D)
  88 tentacle segments (D)
93 creatures vanquished.

Grand Total: 114 creatures vanquished

Notes
Turn   | Place    | Note
--------------------------------------------------------------
     0 | D        | Kidiri the Spriggan Enchanter began the quest for the Orb.
     0 | D        | Reached XP level 1. HP: 9/9 MP: 5/5
     5 | D        | Noticed a worker ant
     5 | D        | Noticed a worker ant
     5 | D        | Noticed a worker ant
     5 | D        | Noticed a worker ant
     9 | D        | Noticed a brain worm
    12 | D        | Killed Menkaure
    24 | D        | Killed a brain worm
    24 | D        | Reached skill level 5 in Dodging
    24 | D        | Reached skill level 7 in Stealth
    24 | D        | Reached skill level 5 in Spellcasting
    24 | D        | Reached XP level 2. HP: 13/13 MP: 3/9
    24 | D        | Reached XP level 3. HP: 16/16 MP: 3/10
    28 | D        | Learned a level 2 spell: Ensorcelled Hibernation
    32 | D        | Learned a level 3 spell: Confuse
    36 | D        | Learned a level 3 spell: Tukima's Dance
    40 | D        | Learned a level 3 spell: Dazzling Spray
    77 | D        | Noticed a brain worm
    85 | D        | Killed a brain worm
    85 | D        | Reached skill level 8 in Stealth
    85 | D        | Reached skill level 1 in Conjurations
    85 | D        | Reached skill level 5 in Hexes
    85 | D        | Reached skill level 1 in Ice Magic
    85 | D        | Reached XP level 4. HP: 19/21 MP: 2/12
    86 | D        | Noticed a brain worm
    86 | D        | Noticed a brain worm
    95 | D        | Killed a brain worm
    95 | D        | Reached skill level 5 in Short Blades
    95 | D        | Reached skill level 9 in Stealth
    95 | D        | Reached XP level 5. HP: 21/24 MP: 1/15
   107 | D        | Killed a brain worm
   162 | D        | Noticed a siren
   179 | D        | Killed a siren
   179 | D        | Reached skill level 11 in Stealth
   179 | D        | Reached XP level 6. HP: 28/28 MP: 1/18
   179 | D        | Reached XP level 7. HP: 32/32 MP: 1/20
   295 | D        | Reached skill level 10 in Dodging
   320 | D        | Noticed an electric eel
   320 | D        | Noticed an electric eel
   321 | D        | Noticed an electric eel
   321 | D        | Noticed an electric eel
   321 | D        | Noticed an electric eel
   342 | D        | Killed a worker ant
   343 | D        | Killed a worker ant
   346 | D        | Killed a worker ant
   347 | D        | Killed a worker ant
   355 | D        | Found a deep blue altar of Sif Muna.
   357 | D        | Noticed a crocodile
   372 | D        | Noticed a lava snake
   372 | D        | Noticed a lava snake
   372 | D        | Noticed a lava snake
   373 | D        | Noticed a lava snake
   373 | D        | Noticed a crocodile
   374 | D        | Found Vedeut's Weapon Shoppe.
   375 | D        | Killed a crocodile
   376 | D        | Found Plog's Distillery.
   398 | D        | Found Learrups's Antique Weapon Emporium.
   398 | D        | Found Jummusu's Magic Scroll Shoppe.
   398 | D        | Found Luc Wapa's Gadget Emporium.
   398 | D        | Found Epize's Jewellery Shoppe.
   398 | D        | Found Zocviw's Antique Armour Shoppe.
   398 | D        | Found Umoiv's Antique Armour Emporium.
   399 | D        | Found Vyetidiu's Gadget Shoppe.
   399 | D        | Found Milyubits's Book Emporium.
   399 | D        | Found Fifuyk's Antique Weapon Emporium.
   400 | D        | Found Feofu's Food Shoppe.
   400 | D        | Found Rierixik's Food Emporium.
   401 | D        | Found Noifuy's Jewellery Shoppe.
   401 | D        | Found Hopeis's Distillery.
   401 | D        | Noticed a soldier ant
   402 | D        | Noticed a soldier ant
   402 | D        | Noticed a soldier ant
   402 | D        | Noticed an oklob plant
   403 | D        | Found Otan's Book Shoppe.
   405 | D        | Noticed a hippogriff
   405 | D        | Noticed a hippogriff
   406 | D        | Noticed a hippogriff
   410 | D        | Noticed an unseen horror
   427 | D        | Bought a book of Geomancy for 455 gold pieces
   431 | D        | Learned a level 3 spell: Passwall
   436 | D        | Learned a level 4 spell: Petrify
   442 | D        | Learned a level 5 spell: Lee's Rapid Deconstruction
   448 | D        | Bought a potion of mutation for 27 gold pieces
   448 | D        | Gained mutation: You have a somewhat thin skeletal structure (Dex +2, Stealth). [potion of mutation]
   448 | D        | Gained mutation: Your body sometimes deteriorates upon taking damage. [potion of mutation]
   448 | D        | Gained mutation: You have a pair of small horns on your head. [potion of mutation]
   453 | D        | Bought a +3 dagger of venom for 252 gold pieces
   455 | D        | Bought a glowing cloak for 139 gold pieces
   476 | D        | Noticed a scorpion
   478 | D        | Killed a scorpion
   478 | D        | Reached skill level 12 in Stealth
   485 | D        | Noticed an electric eel
   491 | D        | Noticed an electric eel
   492 | D        | Noticed an electric eel
   492 | D        | Noticed an electric eel
   504 | D        | Found a shimmering altar of Xom.
   505 | D        | Found a glowing golden altar of the Shining One.
   505 | D        | Found a roughly hewn altar of Beogh.
   506 | D        | Found an opulent altar of Gozag.
   506 | D        | Found a viscous altar of Jiyva.
   507 | D        | Found a bloodstained altar of Trog.
   507 | D        | Found a shadowy altar of Dithmenos.
   507 | D        | Found a radiant altar of Vehumet.
   508 | D        | Found a sparkling altar of Nemelex Xobeh.
   508 | D        | Found a white marble altar of Elyvilon.
   509 | D        | Found a basalt altar of Yredelemnul.
   509 | D        | Found a corrupted altar of Lugonu.
   510 | D        | Found an ancient bone altar of Kikubaaqudgha.
   512 | D        | Noticed a yaktaur
   512 | D        | Noticed a wasp
   512 | D        | Noticed a polar bear
   513 | D        | Noticed a polar bear
   513 | D        | Noticed a polar bear
   514 | D        | Killed a polar bear
   514 | D        | Reached skill level 1 in Transmutations
   514 | D        | Reached skill level 1 in Earth Magic
   514 | D        | Reached XP level 8. HP: 36/36 MP: 20/22
   516 | D        | Killed a wasp
   518 | D        | Killed a yaktaur
   518 | D        | Reached skill level 10 in Spellcasting
   519 | D        | Killed a polar bear
   519 | D        | Reached skill level 13 in Stealth
   520 | D        | Killed a polar bear
   532 | D        | Found a stormy altar of Qazlal.
   534 | D        | Found a snail-covered altar of Cheibriados.
   534 | D        | Found a burning altar of Makhleb.
   534 | D        | Found an iron altar of Okawaru.
   535 | D        | Found a sacrificial altar of Ru.
   535 | D        | Found a blossoming altar of Fedhas.
   535 | D        | Found a glowing silver altar of Zin.
   542 | D        | Noticed an obsidian statue
   545 | D        | Became a worshipper of Dithmenos the Shadowed
   550 | D        | Learned a level 3 spell: Stone Arrow
   567 | D        | Noticed a kraken
   585 | D        | Noticed a crocodile
   980 | D        | Noticed a death drake
   980 | D        | Noticed a swamp drake
   985 | D        | Noticed a death drake
   985 | D        | Noticed a crystal guardian
   985 | D        | Noticed a swamp drake
   986 | D        | Killed a swamp drake
  1005 | D        | Noticed a crocodile
  1006 | D        | Killed a death drake
  1006 | D        | Reached skill level 14 in Stealth
  1006 | D        | Reached skill level 1 in Invocations
  1006 | D        | Reached XP level 9. HP: 18/39 MP: 19/24
  1006 | D        | Killed from afar by a crystal guardian

Vault maps used:
D:        the_violet_keep_of_menkaure

Action                   |  1- 3 |  4- 6 |  7- 9 || total
-------------------------+-------+-------+-------++-------
Melee: Dagger            |    14 |    27 |    17 ||    58
 Cast: Corona            |     1 |       |       ||     1
       Ensorcelled Hiber |     4 |     3 |     5 ||    12
       Confuse           |       |     2 |     1 ||     3
  Use: Potion            |       |       |     4 ||     4
       Scroll            |       |       |     7 ||     7
 Stab: Sleeping          |     1 |       |    16 ||    17
       Confused          |       |     2 |       ||     2
